 Dungeon Crawl Stone Soup version 0.20-a0-1058-g0491fde (webtiles) character file.

137 kae the Insei (level 5, -4/61 HPs)
             Began as a Gnoll Transmuter on Apr 26, 2017.
             Slain by Paps's ghost (6 damage)
             ... on level 3 of the Dungeon.
             The game lasted 00:04:03 (3629 turns).

kae the Insei (Gnoll Transmuter)                    Turns: 3629, Time: 00:04:03

Health: -4/61      AC:  4    Str: 15    XL:     5   Next: 20%
Magic:  9/11       EV: 13    Int: 13    God:
Gold:   53         SH:  0    Dex: 15    Spells: 6/12 levels left

rFire    . . .     SeeInvis .     - Unarmed
rCold    . . .     Gourm    .   (no shield)
rNeg     . . .     Faith    .   b - +0 robe
rPois    .         Spirit   .   (no helmet)
rElec    .         Reflect  .   (no cloak)
rCorr    .         Harm     .   (no gloves)
MR       +....     Rnd*Rage +   (no boots)
Stlth    ..........             (no amulet)
Regen    0.2/turn               l - ring of protection from magic
MPRegen  0.2/turn               (no ring)

@: berserking, very quick
A: short attention span, fangs 1, iridescent scales 1, berserk 1, blink, strong
nose
a: Blink


You were on level 3 of the Dungeon.
You were not hungry.

You visited 1 branch of the dungeon, and saw 3 of its levels.

You collected 53 gold pieces.

Inventory:

Missiles
 a - 44 arrows
Armour
 b - a +0 robe (worn)
Jewellery
 l - a ring of protection from magic (left hand)
Scrolls
 e - 3 scrolls of teleportation {unknown}
 g - 2 scrolls of enchant weapon
 k - a scroll of fear {unknown}
Potions
 f - 2 potions of heal wounds
 j - a potion of might {unknown}
 n - a potion of degeneration {unknown}
Books
 c - a book of Changes

   Spells                             Type                      Level
   a - Beastly Appendage              Transmutation                1
   b - Sticks to Snakes               Transmutation                2
   c - Spider Form                    Transmutation/Poison         3
   d - Ice Form                       Ice/Transmutation            4
   e - Blade Hands                    Transmutation                5
Comestibles
 d - 2 bread rations
 h - a meat ration


   Skills:
 + Level 3.0 Fighting
 - Level 3.0 Dodging
 * Level 6.6 Unarmed Combat
 + Level 4.3 Spellcasting
 + Level 4.0 Transmutations


You had 6 spell levels left.
You knew the following spells:

 Your Spells              Type           Power        Failure   Level  Hunger
a - Beastly Appendage     Tmut           ##....       3%          1    None
b - Sticks to Snakes      Tmut           ##......     5%          2    ##.....
c - Spider Form           Tmut/Pois      #.........   26%         3    ###....


Dungeon Overview and Level Annotations

Branches:
Dungeon (3/15)

Altars:
Dithmenos
Kikubaaqudgha
Vehumet
Wu Jian

Annotations:
D:3 Paps's ghost, amateur DsFi


Innate Abilities, Weirdness & Mutations

You have a short attention span.
You have very sharp teeth.
Your uncanny sense of smell can sniff out nearby items.
You are partially covered in iridescent scales. (AC +2)
You tend to lose your temper in combat.
You can translocate small distances at will.


Message History

Paps's ghost is moderately damaged.
Paps's ghost says very slowly, "There's no hope."
Paps's ghost hits you.
* * * LOW HITPOINT WARNING * * *
You hit Paps's ghost.
You claw Paps's ghost, but do no damage.
Paps's ghost is moderately damaged.
Your talons disappear.
Paps's ghost hits you.
* * * LOW HITPOINT WARNING * * *
It was a potion of berserk rage.
A red film seems to cover your vision as you go berserk!
You feel yourself moving faster!
You feel mighty! Paps's ghost hits you!
* * * LOW HITPOINT WARNING * * *
You hit Paps's ghost but do no damage. You bite Paps's ghost.
Paps's ghost is moderately damaged.
You closely miss Paps's ghost.
Paps's ghost is moderately damaged.
Paps's ghost hits you.
You die...

######## #......### #
#..###[####...# ##########..
#.........#.#†# ...........
#.#####.#.###.# ..........
#.##........#.# .........
#.....#..##.#.# #........
###...#..##...###########........
#.#.#>........@Wo..............
#.#...........#########.......#
##.###.........# #.......#
#........)....)# #.......#
#..............# #.......#
#..............# #########
#...<..........# ######..........
##........


You could see Paps's ghost and an orc.

Vanquished Creatures
  3 gnolls (D:2)
  3 adders (D:2)
  An ooze (D:1)
  4 worms
  2 dart slugs (D:1)
  A leopard gecko (D:1)
  11 bats
  4 giant cockroaches
  5 goblins
  7 hobgoblins
  4 jackals (D:1)
  3 frilled lizards
  8 kobolds
  6 rats
62 creatures vanquished.

Notes
Turn   | Place    | Note
-------+----------+-------------------------------------------
     0 | D:1      | kae the Gnoll Transmuter began the quest for the Orb.
     0 | D:1      | Reached XP level 1. HP: 15/15 MP: 4/4
   533 | D:1      | Reached XP level 2. HP: 21/22 MP: 4/6
   669 | D:1      | Reached skill level 5 in Unarmed Combat
   701 | D:1      | Reached XP level 3. HP: 19/27 MP: 8/8
  1434 | D:2      | Found an ornate altar of the Wu Jian Council.
  1437 | D:2      | Found a radiant altar of Vehumet.
  1440 | D:2      | Found a shadowy altar of Dithmenos.
  1985 | D:2      | Found an ancient bone altar of Kikubaaqudgha.
  2004 | D:2      | Reached skill level 6 in Unarmed Combat
  2004 | D:2      | Reached XP level 4. HP: 11/34 MP: 9/9
  2772 | D:2      | Learned a level 2 spell: Sticks to Snakes
  2776 | D:2      | Learned a level 3 spell: Spider Form
  3261 | D:2      | Reached XP level 5. HP: 41/41 MP: 6/11
  3593 | D:3      | Noticed Paps's ghost (amateur DsFi)
  3617 | D:3      | Gained mutation: You tend to lose your temper in combat. [potion of mutation]
  3617 | D:3      | Gained mutation: You can translocate small distances at will. [potion of mutation]
  3617 | D:3      | Gained mutation: You are partially covered in iridescent scales. (AC +2) [potion of mutation]
  3627 | D:3      | HP: 2/61 [Paps's ghost (14)]
  3629 | D:3      | Slain by Paps's ghost

Vault maps used:
D:1:      matt_arrival_refuge, serial_bayou_ford_a, minmay_crystal_water,
          minmay_strange_pillars, st_stairs_4
D:2:      kiku_gazebo_pond_becter, grunt_temple_overflow_diamond
D:3:      grunt_qazlal_clouds

Skill      XL: |  1  2  3  4  5 |
---------------+----------------+-----
Fighting       | 2 3 |  3.0
Unarmed Combat | 5 6 |  6.6
Spellcasting   | 4 |  4.3
Transmutations | 4 |  4.0
Dodging        | |  3.0

Action                   |  1- 3 |  4- 6 || total
-------------------------+-------+-------++-------
Melee: Unarmed           |   146 |    94 ||   240
       Kick              |     9 |     4 ||    13
       Headbutt          |     5 |     1 ||     6
       Bite              |    10 |     1 ||    11
       Punch             |       |     2 ||     2
 Cast: Beastly Appendage |    12 |     6 ||    18
       Spider Form       |       |     5 ||     5
  Use: Scroll            |     3 |       ||     3
       Potion            |     2 |     2 ||     4
 Stab: Sleeping          |     1 |       ||     1
  Eat: Chunk             |     4 |     5 ||     9
Armor: Robe              |    25 |    18 ||    43
       Skin              |       |     2 ||     2
Dodge: Dodged            |    98 |    60 ||   158
